[Event "ICC tourney 2148 (70 10)"]
[Site "Internet Chess Club"]
[Date "2020.11.21"]
[Round "1"]
[White "ydouneed2know"]
[Black "siddham"]
[Result "1/2-1/2"]
[ICCResult "White stalemated"]
[WhiteElo "1339"]
[BlackElo "1207"]
[Opening "Caro-Kann: advance variation"]
[ECO "B12"]
[NIC "CK.04"]
[Time "12:39:42"]
[TimeControl "4200+10"]

1. e4 c6 2. d4 d5 3. e5 Bf5 4. Nf3 Bg4 5. Be2 e6 6. h3 Bxf3 7. Bxf3 c5 8. c3
c4 9. O-O Nc6 10. b3 b5 11. Ba3 Bxa3 12. Nxa3 a6 13. b4 Nge7 14. Nc2 O-O 15.
Ne3 Qc7 16. Qc2 Rfc8 17. a3 a5 18. Rfe1 a4 19. Qd2 Rd8 20. Nc2 Nf5 21. g4
Nh4 22. Be2 Qe7 23. f4 Ng6 24. Qe3 f6 25. Rf1 fxe5 26. fxe5 Rf8 27. Qg3
Rxf1+ 28. Rxf1 Rf8 29. Rxf8+ Nxf8 30. h4 h6 31. Ne3 Ng6 32. h5 Nf8 33. Kg2
Nd8 34. Qf3 Nf7 35. Nxd5 exd5 36. Qxd5 Qe8 37. Kg3 Ne6 38. Qb7 Kh8 39. d5
Neg5 40. e6 Nd6 41. Qa7 Nde4+ 42. Kg2 Nxc3 43. e7 Nxe2 44. d6 Nf4+ 45. Kh2
c3 46. Qb7 Kh7 47. Kg3 c2 48. Kxf4 c1=Q+ 49. Ke5 Qe3+ 50. Kd5 Qd3+ 51. Kc5
Ne4+ 52. Kb6 Qxd6+ 53. Ka5 Qdxe7 54. g5 Qxb7 55. g6+ Kg8 {White stalemated}
1/2-1/2

[Event "ICC tourney 2148 (70 10)"]
[Site "Internet Chess Club"]
[Date "2020.11.21"]
[Round "1"]
[White "auggie29"]
[Black "Phoenix25"]
[Result "1-0"]
[ICCResult "Black checkmated"]
[WhiteElo "1080"]
[BlackElo "1154"]
[Opening "Queen's pawn, Mason variation"]
[ECO "D00"]
[NIC "QP.08"]
[Time "12:39:15"]
[TimeControl "4200+10"]

1. d4 d5 2. Bf4 Nc6 3. Nf3 Nf6 4. e3 Bf5 5. Bb5 e6 6. Ne5 Be7 7. Nxc6 O-O 8.
Nxd8 Raxd8 9. O-O c6 10. Be2 Rfe8 11. Nc3 Bb4 12. a3 Ba5 13. b4 Bb6 14. a4
a6 15. Bd3 Ng4 16. Bxf5 exf5 17. h3 Nf6 18. Bg5 Rc8 19. Bxf6 Kf8 20. Be5 Kg8
21. Qf3 Rcd8 22. Qg3 Rd7 23. Qxg7# {Black checkmated} 1-0

[Event "ICC tourney 2148 (70 10)"]
[Site "Internet Chess Club"]
[Date "2020.11.21"]
[Round "1"]
[White "ADJ"]
[Black "StockAlpha2020"]
[Result "0-1"]
[ICCResult "White checkmated"]
[WhiteElo "1312"]
[BlackElo "1478"]
[Opening "Bird's opening"]
[ECO "A03"]
[NIC "VO.07"]
[Time "12:40:05"]
[TimeControl "4200+10"]

1. f4 d5 2. d4 Nf6 3. e3 Bf5 4. Nf3 e6 5. a3 Be7 6. Bd3 Ne4 7. c4 c6 8. Nc3
Nd7 9. cxd5 cxd5 10. Ne2 Rc8 11. Qa4 a6 12. h3 Bh4+ 13. g3 Nxg3 14. Nxg3
Bxd3 15. Rg1 Qf6 16. Ne5 Bb5 17. Qb4 Nxe5 18. dxe5 Qg6 19. f5 Bxg3+ 20. Kd1
Qh5+ 21. Qg4 Ba4+ 22. Ke2 Qxg4+ 23. hxg4 Bxe5 24. Rb1 Rc2+ 25. Kd3 Rf2 26.
Bd2 Kd7 27. Bc3 Bc2# {White checkmated} 0-1

[Event "ICC tourney 2148 (70 10)"]
[Site "Internet Chess Club"]
[Date "2020.11.21"]
[Round "1"]
[White "akhilv"]
[Black "Laces007"]
[Result "1-0"]
[ICCResult "Black resigns"]
[WhiteElo "961"]
[BlackElo "1135"]
[Opening "Scandinavian defense"]
[ECO "B01"]
[NIC "SD.03"]
[Time "12:39:35"]
[TimeControl "4200+10"]

1. e4 d5 2. exd5 Nf6 3. Nf3 Nxd5 4. d4 Nc6 5. Bc4 a6 6. Bxd5 Qxd5 7. Nc3
Qe6+ 8. Be3 Qg4 9. Rg1 f6 10. Nd5 Qd7 11. Nc3 e5 12. d5 Bb4 13. dxc6 Qxc6
14. Bd2 Bg4 15. h3 Be6 16. a3 e4 17. Nd4 Qd5 18. Nxd5 Bxd5 19. Bxb4 b6 20.
Nf5 {Black resigns} 1-0

[Event "ICC tourney 2148 (70 10)"]
[Site "Internet Chess Club"]
[Date "2020.11.21"]
[Round "1"]
[White "yesiwillbeatyou"]
[Black "gpiano"]
[Result "1-0"]
[ICCResult "Black checkmated"]
[WhiteElo "1539"]
[BlackElo "1376"]
[Opening "Sicilian: closed"]
[ECO "B23"]
[NIC "SI.44"]
[Time "12:40:31"]
[TimeControl "4200+10"]

1. e4 c5 2. Nc3 d6 3. f4 Nc6 4. Nf3 g6 5. Bc4 e6 6. d3 Bg7 7. Bd2 Nf6 8. Qe2
O-O 9. Rg1 a6 10. O-O-O b5 11. Bb3 Na5 12. g4 Nxb3+ 13. cxb3 Bb7 14. h4 Rc8
15. h5 Nd7 16. Qg2 Bd4 17. Rh1 b4 18. Qh2 bxc3 19. hxg6 cxb2+ 20. Kb1 Kg7
21. Qxh7+ Kf6 22. Qh4+ Kxg6 23. f5+ exf5 24. gxf5+ Kg7 25. Qh6+ Kg8 26. Qh7#
{Black checkmated}
1-0

[Event "ICC tourney 2148 (70 10)"]
[Site "Internet Chess Club"]
[Date "2020.11.21"]
[Round "1"]
[White "smalugu"]
[Black "mohitmukkollu"]
[Result "0-1"]
[ICCResult "White checkmated"]
[WhiteElo "1353"]
[BlackElo "1247"]
[Opening "Philidor's defense"]
[ECO "C41"]
[NIC "KP.10"]
[Time "12:39:35"]
[TimeControl "4200+10"]

1. e4 e5 2. Nf3 d6 3. Bc4 Be6 4. Bxe6 fxe6 5. Nc3 Nf6 6. O-O Be7 7. d4 exd4
8. Nxd4 Qd7 9. Bg5 O-O 10. Re1 Nc6 11. Nxc6 Qxc6 12. e5 dxe5 13. Rxe5 Bc5
14. Bxf6 Rxf6 15. Ne4 Rg6 16. g3 Bb6 17. Qd3 Rf8 18. Rd1 Rg4 19. Ng5 Bxf2+
20. Kf1 Bd4+ 21. Ke2 Qg2+ 22. Ke1 Qf2# {White checkmated} 0-1

[Event "ICC tourney 2148 (70 10)"]
[Site "Internet Chess Club"]
[Date "2020.11.21"]
[Round "1"]
[White "EricCheng-131"]
[Black "RomirIsCool"]
[Result "1-0"]
[ICCResult "Black checkmated"]
[WhiteElo "1093"]
[BlackElo "1158"]
[Opening "Sicilian: Najdorf, Opocensky variation"]
[ECO "B92"]
[NIC "SI.10"]
[Time "12:39:44"]
[TimeControl "4200+10"]

1. e4 c5 2. Nf3 d6 3. d4 cxd4 4. Nxd4 Nf6 5. Nc3 a6 6. Be2 e5 7. Nf3 Nc6 8.
Bg5 Be7 9. Bxf6 Bxf6 10. Nd5 O-O 11. O-O h6 12. Qd2 Bg5 13. Nxg5 Qxg5 14.
Rad1 Nd4 15. Rfe1 Nxe2+ 16. Rxe2 f5 17. Qxg5 hxg5 18. Ne7+ Kh8 19. Ng6+ Kg8
20. Nxf8 Kxf8 21. exf5 Bxf5 22. Rxd6 Ke7 23. Rd5 Kf6 24. Rexe5 g6 25. g4
Bxg4 26. Rxg5 Bf3 27. Rd3 Kxg5 28. Rxf3 Re8 29. Re3 Rd8 30. Re7 Rd2 31. Rxb7
Rxc2 32. a4 a5 33. Kg2 Kg4 34. Rb5 g5 35. b3 Rb2 36. Rxa5 Rxb3 37. Rb5 Ra3
38. a5 Kf4 39. h3 Ra2 40. Rb4+ Kf5 41. Rb5+ Kf6 42. Kf3 Ra3+ 43. Ke4 Rxh3
44. Kd5 Rh2 45. Rb2 g4 46. Ke4 g3 47. Kf3 g2 48. Rb6+ Ke5 49. Rg6 Rh3+ 50.
Kxg2 Ra3 51. Ra6 Kf4 52. Ra8 Rc3 53. a6 Rc6 54. Rf8+ Ke4 55. a7 Rg6+ 56. Kf1
Kd3 57. a8=Q Rh6 58. Qd5+ Kc3 59. Rc8+ Kb4 60. Qb7+ Ka5 61. Ra8+ Ra6 62.
Rxa6# {Black checkmated} 1-0

[Event "ICC tourney 2148 (70 10)"]
[Site "Internet Chess Club"]
[Date "2020.11.21"]
[Round "1"]
[White "Ojas2020"]
[Black "KottertheOtter"]
[Result "0-1"]
[ICCResult "White resigns"]
[WhiteElo "1358"]
[BlackElo "1503"]
[Opening "French: advance, Euwe variation"]
[ECO "C02"]
[NIC "FR.03"]
[Time "12:39:19"]
[TimeControl "4200+10"]

1. e4 e6 2. d4 d5 3. e5 c5 4. c3 Bd7 5. Nf3 Nc6 6. Be3 b6 7. Ba6 Nb8 8. Bb7
Bc6 9. Bxa8 Bxa8 10. O-O Bb7 11. Nbd2 f6 12. Qc2 Nc6 13. h3 Qc7 14. exf6
Nxf6 15. Bg5 Be7 16. Rfe1 Bc8 17. Nb3 O-O 18. Rac1 c4 19. Nbd2 Bd6 20. Bxf6
Rxf6 21. Ng5 g6 22. Ngf3 e5 23. dxe5 Nxe5 24. Nxe5 Bxe5 25. Nf3 Bf5 26. Qe2
Bf4 27. Nd4 Bxc1 28. Rxc1 Be4 29. f3 Qf4 30. fxe4 Qxc1+ 31. Kh2 Qf4+ 32. Kg1
Qxe4 33. Qxe4 dxe4 34. Kh2 Rf7 {White resigns} 0-1

[Event "ICC tourney 2148 (70 10)"]
[Site "Internet Chess Club"]
[Date "2020.11.21"]
[Round "1"]
[White "ARNAVG094"]
[Black "LeoBerkson"]
[Result "0-1"]
[ICCResult "White checkmated"]
[WhiteElo "1186"]
[BlackElo "1022"]
[Opening "Giuoco Pianissimo: Italian four knights variation"]
[ECO "C50"]
[NIC "IG.02"]
[Time "12:39:46"]
[TimeControl "4200+10"]

1. e4 e5 2. Nf3 Nc6 3. Bc4 Bc5 4. Nc3 Nf6 5. d3 O-O 6. Bg5 h6 7. Bh4 Be7 8.
O-O Nh5 9. Bxe7 Qxe7 10. d4 Nf4 11. d5 Nd4 12. Nxd4 exd4 13. Qxd4 c5 14. Qe3
Ng6 15. Rad1 d6 16. f4 Bf5 17. Rfe1 Bg4 18. Be2 Bxe2 19. Rxe2 Rfe8 20. f5
Ne5 21. Qf4 h5 22. Rf1 Ng4 23. h3 g5 24. Qf3 Nf6 25. Qe3 Nh7 26. Rfe1 Qf6
27. Nb5 Re7 28. Qg3 Re5 29. Qc3 a6 30. Na3 a5 31. Nc4 g4 32. Nxe5 dxe5 33.
Qxc5 gxh3 34. gxh3 Kh8 35. Rg2 Ng5 36. Qe3 Rg8 37. h4 Nh7 38. Rxg8+ Kxg8 39.
Qg3+ Kf8 40. c4 Qb6+ 41. Qf2 Qb4 42. Rc1 Nf6 43. Qg2 Ng4 44. a3 Qc5+ 45. Kf1
Ne3+ 46. Kf2 Nxg2+ 47. Kxg2 Qd4 48. Kf3 Qd3+ 49. Kf2 Qd2+ 50. Kf3 Qxc1 51.
d6 Ke8 52. c5 Qxc5 53. d7+ Kxd7 54. f6 Kc6 55. b3 Kb5 56. a4+ Kb4 57. Ke2
Kc3 58. Kd1 Qd4+ 59. Ke2 Qd2+ 60. Kf3 Kd3 61. Kg3 Qf4+ 62. Kg2 Ke2 63. Kh3
Qg4+ 64. Kh2 Kf2 65. b4 Qg2# {White checkmated} 0-1

[Event "ICC tourney 2148 (70 10)"]
[Site "Internet Chess Club"]
[Date "2020.11.21"]
[Round "1"]
[White "AwesomeWarrior"]
[Black "gcogan"]
[Result "1-0"]
[ICCResult "Black resigns"]
[WhiteElo "1478"]
[BlackElo "1312"]
[Opening "Giuoco Piano"]
[ECO "C50"]
[NIC "IG.02"]
[Time "12:39:41"]
[TimeControl "4200+10"]

1. e4 e5 2. Nf3 Nc6 3. Bc4 Bc5 4. O-O Nf6 5. Nc3 O-O 6. d3 b6 7. Bg5 Be7 8.
Re1 h6 9. Bh4 Nd4 10. Nxe5 c6 11. Bg3 a5 12. a4 d6 13. Nxc6 Nxc6 14. Nd5
Nxd5 15. Bxd5 Bb7 16. c3 Qc7 17. d4 Ba6 18. Qf3 Ra7 19. e5 Nd8 20. Qg4 Bc8
21. Qg6 Be6 22. Qe4 Bxd5 23. Qxd5 dxe5 24. Bxe5 Qc8 25. Qf3 Ne6 26. Qg3 Rd7
27. Rad1 Qd8 28. c4 Bh4 29. Qg4 Bg5 30. f4 Nxf4 31. h4 Bf6 32. Qxf4 Bxe5 33.
Qxe5 Qxh4 34. b3 Qg4 35. d5 Kh7 36. Qe4+ Qxe4 37. Rxe4 Rfd8 38. Kf2 Kg6 39.
Ke3 Kf5 40. Rf1+ Kg6 41. Rf3 f5 42. Re6+ Kg5 43. Rg3+ Kh5 44. Kf4 g5+ 45.
Kxf5 Rf8+ 46. Rf6 Rxf6+ 47. Kxf6 Kh4 48. Rh3+ Kg4 49. Rxh6 Rd6+ 50. Kg7 Rd7+
51. Kf8 Rb7 52. Rg6 Kf5 53. Re6 Rb8+ 54. Re8 Rb7 55. Re7 Rb8+ 56. Kf7 g4 57.
d6 g3 58. Rc7 Ke5 59. Ke7 Ra8 60. d7 Kf4 61. d8=Q Rxd8 62. Kxd8 Ke3 63. Rg7
Kf2 64. Kc7 Kxg2 65. Rxg3+ Kxg3 66. Kxb6 Kf3 67. c5 Ke4 68. c6 Kd5 69. c7
Kd6 70. c8=Q {Black resigns} 1-0

[Event "ICC tourney 2148 (70 10)"]
[Site "Internet Chess Club"]
[Date "2020.11.21"]
[Round "1"]
[White "meiyab"]
[Black "adichi"]
[Result "1-0"]
[ICCResult "Black checkmated"]
[WhiteElo "1463"]
[BlackElo "1296"]
[Opening "Dutch with c4 & Nc3"]
[ECO "A85"]
[NIC "HD.05"]
[Time "12:40:05"]
[TimeControl "4200+10"]

1. d4 f5 2. c4 Nf6 3. Nc3 e6 4. Bf4 Be7 5. Nf3 O-O 6. e3 d6 7. Bd3 b6 8. O-O
Bb7 9. Re1 Ne4 10. Nd2 Nxc3 11. bxc3 Qe8 12. f3 Nd7 13. Bg3 g5 14. e4 f4 15.
Bf2 Qh5 16. d5 e5 17. a4 a5 18. Nb1 Rf6 19. Na3 Ba6 20. c5 bxc5 21. Bxa6
Rxa6 22. Nb5 Ra8 23. Nxc7 Rc8 24. Ne6 Kh8 25. c4 Rg8 26. h3 Nf8 27. Nxf8
Bxf8 28. Re2 Qe8 29. Be1 h5 30. Bxa5 g4 31. hxg4 hxg4 32. fxg4 Rxg4 33. Rf2
Qh5 34. Qf3 Rh6 35. Kf1 Rhg6 36. Ke2 Qh2 37. Qh3+ Qxh3 38. gxh3 Rg3 39. Bb6
Re3+ 40. Kd2 Rxe4 41. a5 Rg7 42. a6 Re7 43. a7 Rxa7 44. Rxa7 Rxc4 45. Rg2
Rd4+ 46. Ke2 Re4+ 47. Kf2 Bh6 48. Bd8 c4 49. Bf6+ Bg7 50. Rgxg7 Re2+ 51.
Kxe2 f3+ 52. Kxf3 e4+ 53. Kg3 e3 54. Rg6# {Black checkmated} 1-0

[Event "ICC tourney 2148 (70 10)"]
[Site "Internet Chess Club"]
[Date "2020.11.21"]
[Round "1"]
[White "MissCalculation"]
[Black "summivj"]
[Result "1-0"]
[ICCResult "Black checkmated"]
[WhiteElo "1179"]
[BlackElo "1402"]
[Opening "Queen's pawn game, Chigorin variation"]
[ECO "D02"]
[NIC "QP.08"]
[Time "12:39:40"]
[TimeControl "4200+10"]

1. d4 d5 2. Nf3 Nc6 3. g3 Nf6 4. Bg2 Bf5 5. O-O e6 6. b3 Bd6 7. c4 Qd7 8. c5
Be7 9. Nc3 O-O-O 10. a3 Ng4 11. b4 e5 12. b5 Nxd4 13. Nxd4 exd4 14. Qxd4 Nf6
15. c6 bxc6 16. Qxa7 Qd6 17. Bf4 Qe6 18. Qxc7# {Black checkmated} 1-0

[Event "ICC tourney 2148 (70 10)"]
[Site "Internet Chess Club"]
[Date "2020.11.21"]
[Round "1"]
[White "aidanpatty"]
[Black "Tanvi02"]
[Result "1-0"]
[ICCResult "Black checkmated"]
[WhiteElo "1560"]
[BlackElo "1523"]
[Opening "QGD: Marshall defense"]
[ECO "D06"]
[NIC "QP.08"]
[Time "12:39:12"]
[TimeControl "4200+10"]

1. d4 d5 2. c4 Nf6 3. cxd5 Nxd5 4. e4 Nb6 5. Nc3 Nc6 6. Nf3 Bg4 7. Be3 Nc4
8. Bxc4 Bxf3 9. gxf3 e5 10. d5 Ne7 11. Qe2 c6 12. dxc6 Nxc6 13. Rd1 Bd6 14.
Bc5 Nd4 15. Bxd4 exd4 16. Rxd4 Qb6 17. Qd2 Rd8 18. Ke2 O-O 19. Rd1 Be7 20.
Rxd8 Rxd8 21. Qe3 Qxb2+ 22. Rd2 Qb4 23. Rxd8+ Bxd8 24. Qd4 Qb2+ 25. Qd2 Qb6
26. Bb3 h6 27. Nd5 Qb5+ 28. Qd3 Qe8 29. Qc4 Qe5 30. Ne3 Qf6 31. Qd5 b6 32.
Qf5 Qxf5 33. Nxf5 Bg5 34. Nd6 Bf4 35. Nxf7 Kh7 36. h3 h5 37. Nd8 Kh6 38. Bc4
Bc7 39. Nc6 a5 40. a4 Kg5 41. Bf7 Kh4 42. Be6 g5 43. Ne7 g4 44. hxg4 hxg4
45. Bxg4 Kg5 46. Nd5 Bd6 47. Nxb6 Bc5 48. Nd5 Kh4 49. e5 Kg5 50. e6 Kg6 51.
e7 Kf7 52. Bh5+ Ke6 53. e8=Q+ Kxd5 54. Qb5 Kd4 55. Qxa5 Kd5 56. Qxc5+ Kxc5
57. f4 Kd5 58. a5 Kc6 59. f5 Kb5 60. f6 Kxa5 61. f7 Kb6 62. f8=Q Kc6 63. Qd8
Kc5 64. Qd7 Kc4 65. Qd6 Kc3 66. Qc5+ Kb3 67. Kd2 Kb2 68. Qb5+ Ka3 69. Kc2
Ka2 70. Qb2# {Black checkmated} 1-0

[Event "ICC tourney 2148 (70 10)"]
[Site "Internet Chess Club"]
[Date "2020.11.21"]
[Round "1"]
[White "swathivjdp"]
[Black "Phineashrad"]
[Result "1-0"]
[ICCResult "Black checkmated"]
[WhiteElo "1385"]
[BlackElo "1099"]
[Opening "Giuoco Pianissimo: Italian four knights variation"]
[ECO "C50"]
[NIC "IG.02"]
[Time "12:39:48"]
[TimeControl "4200+10"]

1. e4 e5 2. Nf3 Nc6 3. Bc4 Bc5 4. Nc3 Nf6 5. d3 h6 6. h3 d6 7. a3 a5 8. O-O
Be6 9. Bb5 Qd7 10. Be3 Bd4 11. Bxd4 exd4 12. Nxd4 O-O 13. Bxc6 bxc6 14. Re1
Rab8 15. b3 c5 16. Nxe6 fxe6 17. Qe2 e5 18. a4 Rb4 19. Nb5 c6 20. Rab1 Qe6
21. Na3 Re8 22. Nc4 Ra8 23. Ne3 d5 24. exd5 cxd5 25. c4 d4 26. Nc2 Rb6 27.
Qxe5 Qxe5 28. Rxe5 Nd7 29. Rd5 Ra7 30. Na3 Rc7 31. Nb5 Rcb7 32. Re1 Nf6 33.
Rd8+ Kf7 34. Nd6+ Rxd6 35. Rxd6 Rxb3 36. Ra6 Rxd3 37. Rxa5 Rc3 38. Rxc5 d3
39. Rd1 Ne4 40. Rd5 d2 41. Rd4 Rc1 42. Rxd2 Rxc4 43. Rd4 Rxd4 44. Rxd4 Nf6
45. a5 Ne8 46. a6 Nc7 47. Rd7+ Ke8 48. Rxc7 Kd8 49. Rxg7 Kc8 50. a7 Kd8 51.
a8=Q# {Black checkmated} 1-0

[Event "ICC tourney 2148 (70 10)"]
[Site "Internet Chess Club"]
[Date "2020.11.21"]
[Round "1"]
[White "Jaguar-92"]
[Black "UnkArjun"]
[Result "1-0"]
[ICCResult "Black checkmated"]
[WhiteElo "1629"]
[BlackElo "1350"]
[Opening "Scotch game"]
[ECO "C45"]
[NIC "SO.04"]
[Time "13:00:55"]
[TimeControl "4200+10"]

1. e4 e5 2. Nf3 Nc6 3. d4 exd4 4. Nxd4 Nxd4 5. Qxd4 Nf6 6. e5 Ng8 7. Bc4
Bb4+ 8. c3 Be7 9. O-O c5 10. Qf4 Nh6 11. Qf3 O-O 12. Bxh6 gxh6 13. Qg3+ Kh8
14. Re1 Bh4 15. Qf3 Qe7 16. Na3 b6 17. Qxa8 Rg8 18. Qf3 Qg5 19. g3 Qg6 20.
Bxf7 Qg4 21. Qxg4 Rxg4 22. f3 Rg7 23. Bc4 Be7 24. Rad1 Bh4 25. Kf2 Bg5 26.
Nb5 Ba6 27. Nd6 Bxc4 28. Nxc4 h5 29. Rd5 h4 30. Red1 hxg3+ 31. hxg3 b5 32.
Na5 Re7 33. f4 Bh6 34. Rxd7 Re6 35. R1d6 Rxd6 36. Rxd6 Bf8 37. Rd7 c4 38.
Kf3 Bc5 39. e6 Bb6 40. e7 Bxa5 41. e8=R# {Black checkmated} 1-0

[Event "ICC tourney 2148 (70 10)"]
[Site "Internet Chess Club"]
[Date "2020.11.21"]
[Round "1"]
[White "AlanLeung"]
[Black "mgelgi"]
[Result "1-0"]
[ICCResult "Black checkmated"]
[WhiteElo "1518"]
[BlackElo "1409"]
[Opening "King's pawn game"]
[ECO "C50"]
[NIC "IG.03"]
[Time "12:39:24"]
[TimeControl "4200+10"]

1. e4 e5 2. Nf3 Nc6 3. Bc4 h6 4. c3 Nf6 5. O-O d5 6. exd5 Nxd5 7. Re1 Qd6 8.
d4 Nf6 9. Qb3 Be6 10. dxe5 Na5 11. Qa4+ Qc6 12. Qxc6+ bxc6 13. Bxe6 fxe6 14.
exf6 O-O-O 15. fxg7 Bxg7 16. Bf4 Rhf8 17. Bg3 Nc4 18. b3 Nb2 19. Nbd2 Bxc3
20. Re2 Rd7 21. Rc1 Ba5 22. h3 Rfd8 23. Rc2 Nd1 24. Nc4 Nc3 25. Rxe6 Rd1+
26. Kh2 Ra1 27. Rd2 Nb1 28. Rxd8+ Kxd8 29. Nxa5 Rxa2 30. Nxc6+ Kd7 31. Rxh6
Rb2 32. Nfe5+ Ke8 33. Rh8# {Black checkmated} 1-0

[Event "ICC tourney 2148 (70 10)"]
[Site "Internet Chess Club"]
[Date "2020.11.21"]
[Round "1"]
[White "EthanDember"]
[Black "arjunbidani"]
[Result "0-1"]
[ICCResult "White resigns"]
[WhiteElo "1183"]
[BlackElo "1450"]
[Opening "Ruy Lopez: old Steinitz defense"]
[ECO "C62"]
[NIC "RL.02"]
[Time "12:39:17"]
[TimeControl "4200+10"]

1. e4 e5 2. Nf3 Nc6 3. Bb5 d6 4. O-O Bd7 5. c3 Nf6 6. Bd3 Be7 7. Bc2 O-O 8.
h3 Na5 9. d4 exd4 10. cxd4 c5 11. Nc3 Qb6 12. b3 Rfd8 13. Bb2 Rac8 14. d5
Bb5 15. Nxb5 Qxb5 16. Bd3 c4 17. Be2 Qe8 18. bxc4 Nxc4 19. Bxf6 Bxf6 20. Rc1
b5 21. Qb3 Qxe4 22. Qd3 Re8 23. Qxe4 Rxe4 24. Bd3 Ree8 25. a4 a6 26. g4 h6
27. axb5 axb5 28. Bxc4 bxc4 29. Rfd1 Bb2 30. Rc2 c3 31. Rb1 Rc5 32. Rd1 Ra8
33. Kf1 Raa5 34. Ke2 Rxd5 35. Rxd5 Rxd5 36. Ne1 Re5+ 37. Kf1 d5 38. Nd3 Rg5
39. Nxb2 cxb2 40. Rxb2 h5 41. f3 f5 42. Rg2 hxg4 43. hxg4 Kf7 44. Ke2 Kf6
45. Ke3 fxg4 46. fxg4 Ke5 47. Rg1 d4+ 48. Kd3 Kf4 49. Kxd4 Rxg4 50. Rf1+
Kg3+ 51. Ke3 Kg2 52. Rf4 Rg3+ 53. Ke2 Kh3 54. Kf1 g5 55. Rf8 Kg4 56. Kf2 Rb3
57. Rf7 Rb2+ 58. Kg1 Kg3 59. Rf1 g4 60. Ra1 Rc2 61. Ra3+ Kh4 62. Ra8 Rc3 63.
Kg2 Rc2+ 64. Kg1 Rc3 65. Kg2 Rc2+ 66. Kg1 Kh3 67. Ra3+ g3 68. Kf1 Kh2 69.
Ke1 g2 70. Kd1 Rb2 71. Kc1 Rf2 {White resigns} 0-1

[Event "ICC tourney 2148 (70 10)"]
[Site "Internet Chess Club"]
[Date "2020.11.21"]
[Round "1"]
[White "anandurbarkar"]
[Black "joefiler"]
[Result "1-0"]
[ICCResult "Black checkmated"]
[WhiteElo "1492"]
[BlackElo "1327"]
[Opening "Four knights: Italian variation"]
[ECO "C47"]
[NIC "KP.06"]
[Time "12:39:24"]
[TimeControl "4200+10"]

1. e4 e5 2. Nf3 Nc6 3. Nc3 Nf6 4. Bc4 d6 5. h3 Be6 6. Qe2 g6 7. O-O Bg7 8.
b3 O-O 9. Bb2 Qd7 10. Rfe1 Bxh3 11. gxh3 Qxh3 12. Ng5 Qh5 13. Qxh5 Nxh5 14.
Nh3 Nd4 15. Rec1 Nf3+ 16. Kg2 Nxd2 17. Rd1 Nxc4 18. bxc4 f5 19. Rab1 c6 20.
Ba3 Rad8 21. Rxb7 fxe4 22. Nxe4 Rf5 23. Bxd6 Bf8 24. Rb8 Nf4+ 25. Nxf4 Rxb8
26. Bxb8 Rxf4 27. f3 h5 28. Bxe5 Rf5 29. Bc3 Be7 30. Rd7 Kf8 31. Rxa7 h4 32.
Bg7+ Ke8 33. a4 g5 34. a5 h3+ 35. Kxh3 Rxf3+ 36. Kg2 g4 37. a6 Bh4 38. Rc7
Re3 39. a7 Re2+ 40. Kf1 Re1+ 41. Kg2 Re2+ 42. Kg1 Re1+ 43. Kh2 Re2+ 44. Kg1
Re1+ 45. Kg2 Re2+ 46. Nf2 Rxf2+ 47. Kg1 Kd8 48. Rxc6 Kd7 49. a8=Q g3 50.
Qb7+ Kd8 51. Rc8# {Black checkmated} 1-0

[Event "ICC tourney 2148 (70 10)"]
[Site "Internet Chess Club"]
[Date "2020.11.21"]
[Round "1"]
[White "aarnawarekar"]
[Black "aravsaksena"]
[Result "1/2-1/2"]
[ICCResult "Game drawn by mutual agreement"]
[WhiteElo "1395"]
[BlackElo "1395"]
[Opening "King's pawn game"]
[ECO "C50"]
[NIC "IG.03"]
[Time "12:39:38"]
[TimeControl "4200+10"]

1. e4 e5 2. Nf3 Nc6 3. Bc4 Nd4 4. Nxd4 exd4 5. d3 Nf6 6. O-O c6 7. c3 d5 8.
exd5 cxd5 9. Bb5+ Bd7 10. Re1+ Be7 11. Bxd7+ Qxd7 12. cxd4 O-O 13. Nc3 Bd6
14. Qf3 Rfe8 15. Bf4 Rxe1+ 16. Rxe1 Re8 17. Rxe8+ Qxe8 18. h3 Bxf4 19. Qxf4
h6 20. Qd2 b5 21. b4 Qc6 22. a3 Nh5 23. Ne2 Qf6 24. g4 Qg6 25. Nf4 Nxf4 26.
Qxf4 Qxd3 27. Qb8+ Kh7 28. Qxa7 Qxh3 29. Qd7 Qxa3 30. Qf5+ Kh8 31. Qc8+ Kh7
32. Qf5+ Kh8 33. Qc8+ Kh7 34. Qf5+ Kh8 35. Qc8+ Kh7 36. Qf5+ Kh8 37. Qc8+
Kh7 38. Qf5+ Kh8 39. Qc8+ Kh7 40. Qf5+ Kg8 41. Qc8+ Kh7 42. Qc5 Qb2 43. Qxd5
Qxb4 44. Qc5 Qxc5 45. dxc5 b4 46. c6 b3 47. c7 b2 48. c8=Q b1=Q+ 49. Kg2
Qe4+ 50. f3 Qe2+ 51. Kg3 Qe1+ 52. Kf4 g5+ 53. Kf5 Qe6+ 54. Qxe6 fxe6+ 55.
Kxe6 Kg6 56. Ke5 h5 57. gxh5+ Kxh5 58. Kf5 Kh4 59. Ke4 Kg3 60. Kf5 Kh4 61.
Ke4 Kg3 62. Kf5 {Game drawn by mutual agreement} 1/2-1/2

[Event "ICC tourney 2148 (70 10)"]
[Site "Internet Chess Club"]
[Date "2020.11.21"]
[Round "1"]
[White "Sid907"]
[Black "danamby"]
[Result "0-1"]
[ICCResult "White resigns"]
[WhiteElo "1312"]
[BlackElo "1478"]
[Opening "Four knights: Italian variation"]
[ECO "C47"]
[NIC "KP.06"]
[Time "12:39:38"]
[TimeControl "4200+10"]

1. e4 e5 2. Nf3 Nc6 3. Nc3 Nf6 4. Bc4 Nxe4 5. Nxe4 d5 6. Bd3 dxe4 7. Bxe4
Bc5 8. h3 O-O 9. c3 f5 10. Bc2 e4 11. Ng1 Kh8 12. Ne2 Bb6 13. d3 Qe7 14. Be3
exd3 15. Qxd3 Ne5 16. Qb5 Bd7 17. Qb4 c5 18. Qf4 Bb5 19. Qg5 Qe6 20. Nf4 Qf7
21. h4 Bc6 22. Bd1 c4 23. h5 Bxe3 24. fxe3 Nd3+ 25. Nxd3 cxd3 26. Qg6 d2+
27. Kf1 Qc4+ 28. Be2 Qxe2+ 29. Kxe2 hxg6 30. hxg6+ Kg8 31. Rh2 Rfd8 32. Rah1
Kf8 33. Rh8+ Ke7 34. Rxd8 Rxd8 35. Rd1 Bb5+ 36. Kf2 Kf6 37. b3 Bc6 38. g3
Kxg6 39. Ke2 Kg5 40. Rxd2 Bf3+ 41. Ke1 Rxd2 42. Kxd2 Kg4 43. Ke1 Kxg3 44.
Kf1 g5 45. a4 f4 46. exf4 gxf4 47. b4 Bg2+ 48. Kg1 f3 {White resigns} 0-1

[Event "ICC tourney 2148 (70 10)"]
[Site "Internet Chess Club"]
[Date "2020.11.21"]
[Round "1"]
[White "Deng20"]
[Black "JCJ2018"]
[Result "1-0"]
[ICCResult "Black checkmated"]
[WhiteElo "1461"]
[BlackElo "1045"]
[Opening "Ruy Lopez: fianchetto (Smyslov/Barnes) defense"]
[ECO "C60"]
[NIC "RL.03"]
[Time "12:39:11"]
[TimeControl "4200+10"]

1. e4 e5 2. Nf3 Nc6 3. Bb5 g6 4. O-O Bg7 5. Nc3 Nge7 6. d3 h6 7. Be3 a6 8.
Ba4 b5 9. Bb3 d6 10. Nd5 Nxd5 11. Bxd5 Bb7 12. c3 Na5 13. Bxb7 Nxb7 14. d4
exd4 15. cxd4 c5 16. Qc2 Rc8 17. dxc5 Nxc5 18. Rac1 O-O 19. Bxc5 Rxc5 20.
Qd2 Rxc1 21. Rxc1 Qf6 22. b3 Rd8 23. Rd1 Rc8 24. h3 Bf8 25. Qd4 Qxd4 26.
Rxd4 Rc2 27. Rd2 Rc1+ 28. Kh2 a5 29. Rd5 Rc5 30. Rd2 a4 31. bxa4 bxa4 32.
Nd4 Re5 33. f3 d5 34. Nc6 Re6 35. exd5 Bd6+ 36. Kg1 Bc5+ 37. Kf1 Rd6 38. Ke2
Kg7 39. Kd1 f5 40. Kc2 g5 41. Kc3 Kf6 42. Kc4 Ba3 43. Kb5 Bc1 44. Rd3 h5 45.
Kxa4 g4 46. fxg4 fxg4 47. hxg4 hxg4 48. Kb5 Kf5 49. Nb4 Ke4 50. a4 Ba3 51.
Rxa3 Kf4 52. a5 g3 53. a6 Rh6 54. a7 Rh8 55. a8=Q Rxa8 56. Rxa8 Ke5 57. Kc5
Kf6 58. d6 Ke6 59. Kc6 Kf7 60. d7 Ke7 61. d8=Q+ Ke6 62. Qe8+ Kf5 63. Ra5+
Kf6 64. Qe5+ Kg6 65. Qf5+ Kh6 66. Qg5+ Kh7 67. Ra7+ Kh8 68. Qg7#
{Black checkmated}
1-0

[Event "ICC tourney 2148 (70 10)"]
[Site "Internet Chess Club"]
[Date "2020.11.21"]
[Round "1"]
[White "tundrarules"]
[Black "butik666"]
[Result "1-0"]
[ICCResult "Black resigns"]
[WhiteElo "1104"]
[BlackElo "1162"]
[Opening "Giuoco Pianissimo: Italian four knights variation"]
[ECO "C55"]
[NIC "IG.01"]
[Time "12:39:42"]
[TimeControl "4200+10"]

1. e4 e5 2. Nf3 Nc6 3. Bc4 Nf6 4. Nc3 Bc5 5. d3 h6 6. O-O O-O 7. Re1 d6 8.
Na4 Bg4 9. Nxc5 dxc5 10. c3 Rb8 11. h3 Bh5 12. Be3 b6 13. Bb5 Qd6 14. g4 Bg6
15. Bxc6 Qxc6 16. Nxe5 Qe6 17. Nxg6 fxg6 18. Qb3 Qxb3 19. axb3 a5 20. Bf4
Ne8 21. Bg3 Rf3 22. Re3 Rxe3 23. fxe3 Nd6 24. e5 Nb7 25. e6 Nd6 26. d4 cxd4
27. exd4 Re8 28. d5 h5 29. g5 Rf8 30. Bxd6 cxd6 31. Rf1 Rxf1+ 32. Kxf1 Kf8
33. Ke2 Ke7 34. Kd3 b5 35. b4 a4 36. c4 bxc4+ 37. Kxc4 h4 38. b5 {Black
resigns} 1-0